 Dungeon Crawl Stone Soup version 0.22-a0-402-ga933591907 (webtiles) character file.

261870 kuuolio the Warrior (level 19, -27/185 HPs)
             Began as a Hill Orc Fighter on May 5, 2018.
             Was the Champion of Uskayaw.
             Killed from afar by an ice dragon (53 damage)
             ... with a blast of cold
             ... on level 2 of the Vaults on May 6, 2018.
             The game lasted 03:05:41 (31757 turns).

kuuolio the Warrior (Hill Orc Fighter)             Turns: 31757, Time: 03:05:44

Health: -27/185    AC: 25    Str: 31    XL:     19   Next: 97%
Magic:  32/32      EV:  7    Int:  8    God:    Uskayaw [******]
Gold:   1738       SH: 27    Dex: 20    Spells: 18/18 levels left

rFire    . . .     SeeInvis +   a - +11 hand axe "Apigol" {freeze, rElec rPois Dex+3}
rCold    . . .     Gourm    .   U - +0 large shield
rNeg     . . .     Faith    .   W - +5 chain mail of Valour {Dex+7}
rPois    +         Spirit   .   y - +1 hat {MR+}
rElec    +         Reflect  +   I - +2 cloak
rCorr    .         Harm     .   j - +0 pair of gloves
MR       ++...                  M - +0 pair of boots
Stlth    ++........             K - +3 amulet of reflection
HPRegen  0.40/turn              i - ring "Adasifie" {+Fly Str+4}
MPRegen  0.23/turn              J - ring of see invisible

@: hasted, very quick
A: no striking features
}: 2/15 runes: decaying, gossamer
a: Stomp, Line Pass, Grand Finale, Renounce Religion, Evoke Flight


You were on level 2 of the Vaults.
You worshipped Uskayaw.
Uskayaw was most pleased with you.
You were very hungry.

You visited 8 branches of the dungeon, and saw 35 of its levels.
You also visited: Ice Cave.

You collected 2891 gold pieces.
You spent 1153 gold pieces at shops.

Inventory:

Hand Weapons
 a - the +11 hand axe "Apigol" (weapon) {freeze, rElec rPois Dex+3}
   (You found it on level 4 of the Dungeon)

   It has been specially enchanted to freeze those struck by it, causing extra
   injury to most foes and up to half again as much damage against particularly
   susceptible opponents.
   It can also slow down cold-blooded creatures.
   It affects your dexterity (+3).
   It insulates you from electricity.
   It protects you from poison.
 b - the +7 flail of Tender Mercy {venom, rN+}
   (You found it on level 2 of the Lair of Beasts)

   It poisons the flesh of those it strikes.
   It protects you from negative energy.
 R - a +2 battleaxe of chopping
Armour
 g - the cursed +1 chain mail of Infinity {rPois rF+ Slay+2}
   (You found it on level 2 of the Swamp)

   It affects your accuracy and damage with ranged weapons and melee attacks
   (+2).
   It protects you from fire.
   It protects you from poison.
   It has a curse placed upon it.
 j - a +0 pair of gloves (worn)
 y - a +1 hat of magic resistance (worn)
 I - a +2 cloak (worn)
 M - a +0 pair of boots (worn)
 U - a +0 large shield (worn)
 W - the +5 chain mail of Valour (worn) {Dex+7}
   (You found it on level 5 of the Lair of Beasts)

   It affects your dexterity (+7).
Jewellery
 c - the ring "Fohudwab" {rPois rF+}
   (You bought it in a shop on level 2 of the Orcish Mines)

   [ring of poison resistance]

   It protects you from fire.
   It protects you from poison.
 i - the ring "Adasifie" (left hand) {+Fly Str+4}
   (You bought it in a shop on level 1 of the Orcish Mines)

   [ring of flight]

   It affects your strength (+4).
   It lets you fly.
 u - an uncursed amulet of rage
 J - a ring of see invisible (right hand)
 K - a +3 amulet of reflection (around neck)
 L - an uncursed ring of protection from magic
 Q - an uncursed ring of protection from cold
 X - an uncursed ring of resist corrosion
Wands
 n - a wand of iceblast (8)
 p - a wand of clouds (4)
 x - a wand of acid (34)
 B - a wand of paralysis (76)
 C - a wand of flame (79)
 E - a wand of polymorph (16)
 F - a wand of random effects (65)
 O - a wand of enslavement (37)
 P - a wand of disintegration (34)
Scrolls
 e - 6 scrolls of identify
 o - 15 scrolls of remove curse
 r - 9 scrolls of enchant weapon
 G - 5 scrolls of fear
 N - 2 scrolls of magic mapping
 S - 3 scrolls of teleportation
 T - 2 scrolls of fog
 V - 2 scrolls of blinking
 Z - 2 scrolls of enchant armour
Potions
 d - 4 potions of might
 k - a potion of brilliance
 l - 2 potions of lignification
 m - 4 potions of cancellation
 q - 2 potions of agility
 t - a potion of resistance
 v - 9 potions of curing
 w - a potion of ambrosia
 A - a potion of haste
Miscellaneous
 h - a phantom mirror
 s - a lamp of fire
 z - a lightning rod (4/4)
 Y - a fan of gales
Comestibles
 f - 35 rations


   Skills:
 * Level 20.1 Fighting
 + Level 15.5 Axes
 - Level 0.2 Throwing
 + Level 13.6 Armour
 + Level 11.6 Stealth
 + Level 17.6 Shields
 + Level 0.3 Unarmed Combat
 + Level 18.0 Invocations
 + Level 4.8 Evocations


You had 18 spell levels left.
You didn't know any spells.

Dungeon Overview and Level Annotations

Branches:
Dungeon (15/15)            Temple (1/1) D:4            Lair (6/6) D:10
  Swamp (4/4) Lair:2       Spider (4/4) Lair:2        Slime (0/5) Lair:5
    Orc (2/2) D:9             Elf (0/3) Orc:2        Vaults (2/5) D:14
 Depths (1/5) D:15
  Crypt: Vaults:2-3

Altars:
Ashenzari
Cheibriados
Dithmenos
Elyvilon
Fedhas
Gozag
Hepliaklqana
Kikubaaqudgha
Makhleb
Nemelex Xobeh
Okawaru
Qazlal
Ru
Sif Muna
Trog
Uskayaw
Vehumet
Wu Jian
Xom
Yredelemnul
Zin
The Shining One
Beogh
Jiyva

Shops:
D:5 (   D:6 (   Orc:1 *   Orc:2 *=*[*   Vaults:2 (

Annotations:
Swamp:4 Lernaean hydra
Vaults:2 1 exclusion
Depths:1 exclusion: obsidian statue


Message History

You slash the ice dragon!
The ice dragon is severely wounded.
You closely miss the red ugly thing. You block the ice dragon's attack.
The ice dragon claws you!
* * * LOW HITPOINT WARNING * * *
You block the ice dragon's attack.
You feel much better. You block the red ugly thing's attack.
You block the ice dragon's attack. x2; The ice dragon tramples you.
* * * LOW HITPOINT WARNING * * *
You hold your ground!
You hit the ice dragon.
The ice dragon is severely wounded.
You slash the red ugly thing! You freeze the red ugly thing.
You hit the ice dragon.
The ice dragon is severely wounded.
You slash the red ugly thing! You freeze the red ugly thing.
You block the red ugly thing's attack. The ice dragon breathes frost at you.
The blast of cold hits you!
You die...

#..DDD...#
####+###+##'#
#.....R..#
+.......<....
#........#
#............
####++####
#.....)...... #######
#.....)...... .....#
#.....)[..... ##(Oo#
#............ #.†Du#
#............
#..)#@###########+####
#.ou##)##..........# #
#...###)##..........#
## #..O#
#.##..........###.
..O.#
####.........)##).
...g#
...+...Cpg...)+)).


oc.. ....'..pOupg...##). .....#..OpuppO..###. #..####..gOu.uu..# ## You could
see an ice dragon, a red ugly thing, an orc warrior and an ogre.

Vanquished Creatures
  Arachne (Spider:2)
  Rupert (Lair:4)
  Asterion (Vaults:1)
  5 thorn hunters
  Kirke (D:14)
  10 emperor scorpions
  6 vault wardens
  5 ironheart preservers
  2 very ugly things
  5 entropy weavers
  A stone giant (Orc:1)
  A spark wasp (Spider:4)
  A dire elephant (D:15)
  2 fire dragons
  A great orb of eyes (Vaults:1)
  Josephine (Lair:4)
  2 yaktaur captains (Vaults:1)
  16 hydras
  5 vault guards
  An ice dragon (Vaults:1)
  13 slime creatures
  The ghost of dricus the Spear-Bearer, a journeyman MfSk of Okawaru (D:10)
  Erolcha (D:9)
  Harold (Lair:3)
  5 centaur warriors
  A ghost crab (Swamp:2)
  6 alligators
  2 dancing weapons (D:14)
  2 deep troll shamans
  3 death yaks (Lair:3)
  18 two-headed ogres
  A tengu warrior (D:13)
  4 ogre magi
  2 orc high priests (Orc:2)
  A deep troll earth mage (Vaults:1)
  Nergalle (Orc:1)
  A fire crab (D:9)
  10 skeletal warriors
  4 unseen horrors
  9 deep trolls
  11 swamp dragons
  A wizard (D:15)
  A shambling mangrove (Swamp:4)
  3 spriggan druids
  A deep elf archer (Vaults:1)
  2 sphinx zombies (Vaults:1)
  A necromancer (Vaults:1)
  3 ironbrand convokers
  6 orc sorcerers
  11 orc knights
  An orb spider (shapeshifter) (Vaults:1)
  An oklob plant (Lair:1)
  19 orb spiders
  4 deep elf magi
  The ghost of TZer0 the Slicer, a novice VSSk (D:7)
  26 wolf spiders
  3 manticores
  36 ugly things
  A salamander (D:15)
  Maurice (D:8)
  2 moths of wrath
  6 elephants (Lair:4)
  4 cyclopes
  2 ice statues (IceCv)
  A black mamba (shapeshifter) (D:13)
  4 black mambas
  4 molten gargoyles (D:9)
  2 vault sentinels (Vaults:1)
  A gargoyle (D:14)
  26 spiny frogs
  14 demonic crawlers
  2 torpor snails
  3 rime drakes
  3 komodo dragons
  A komodo dragon (shapeshifter) (Vaults:1)
  2 freezing wraiths
  11 yaktaurs
  A troll (shapeshifter) (Vaults:1)
  7 trolls
  A merfolk (D:9)
  23 hornets
  31 jumping spiders
  2 polar bears
  A wind drake (shapeshifter) (Vaults:2)
  29 blink frogs
  8 bog bodies
  13 dream sheep
  12 hippogriffs
  15 tyrant leeches
  A stone giant simulacrum (Vaults:1)
  69 redbacks
  16 spriggans
  4 shadows
  A tarantella (shapeshifter) (Vaults:1)
  8 wraiths
  21 yaks
  4 wyverns
  29 tarantellas
  6 hogs (D:14)
  A hog (shapeshifter) (Vaults:1)
  2 steam dragons
  37 vampire mosquitoes
  A hungry ghost (D:11)
  21 insubstantial wisps
  11 swamp worms
  2 acid dragons
  2 soldier ants
  4 wargs
  12 porcupines
  10 water moccasins
  41 orc warriors
  13 swamp drakes
  10 ice beasts
  2 black bears
  18 ogres
  3 phantoms
  3 eyes of draining
  4 sky beasts
  A necrophage (D:10)
  11 boggarts
  4 centaurs
  6 wolves (Lair:3)
  10 crocodiles
  The ghost of oberejnoburuli the Cutter, an amateur GrFi (D:3)
  An elf simulacrum (Vaults:1)
  Blork the orc (Orc:1)
  2 big kobolds
  21 bullfrogs
  A gnoll sergeant (D:8)
  5 scorpions
  3 wyvern skeletons
  A water moccasin skeleton (D:4)
  7 wights
  4 electric eels
  4 howler monkeys
  A lava snake (D:9)
  7 crimson imps
  5 centaur zombies
  2 bullfrog zombies (D:5)
  A yaktaur simulacrum (Vaults:1)
  6 hounds
  3 centaur skeletons
  2 human zombies (D:10)
  An iron imp (Orc:1)
  3 jellies
  36 orc wizards
  2 quasits
  4 bullfrog skeletons
  29 orc priests
  2 iguanas
  6 human skeletons
  8 worker ants
  An ogre zombie (D:10)
  A hound zombie (D:10)
  A howler monkey zombie (D:8)
  Robin (D:3)
  2 worker ant zombies
  7 gnolls
  20 adders
  4 shadow imps
  12 white imps (D:13)
  3 oozes
  3 adder skeletons
  3 worms
  2 dart slugs (D:2)
  4 leopard geckos
  121 orcs
  7 bats
  10 giant cockroaches
  13 goblins
  8 hobgoblins
  7 jackals
  3 quokkas
  4 ball pythons
  10 frilled lizards
  15 kobolds
  2 leopard gecko skeletons (D:7)
  A quokka skeleton (D:7)
  A quokka zombie (D:8)
  5 rats
  12 briar patches
  3 fungi
  7 plants
1368 creatures vanquished.

Vanquished Creatures (collateral kills)
  An acid dragon (D:15)
  An orc (Orc:1)
2 creatures vanquished.

Vanquished Creatures (others)
  An orc knight (Orc:1)
  A cyclops (Vaults:1)
  An ugly thing (D:14)
  A yaktaur (shapeshifter) (Vaults:2)
  2 yaktaurs (Vaults:1)
  A tengu conjurer (D:13)
  A hornet (Swamp:1)
  2 spriggans
  3 centaurs
  A worker ant (D:14)
  A gnoll (D:8)
  A shadow imp (Orc:1)
  A white imp (Orc:1)
  3 orcs (D:14)
  6 briar patches
  8 fungi
  34 plants (Lair:6)
68 creatures vanquished.

Grand Total: 1438 creatures vanquished

Notes
Turn   | Place    | Note
-------+----------+-------------------------------------------
     0 | D:1      | kuuolio the Hill Orc Fighter began the quest for the Orb.
     0 | D:1      | Reached XP level 1. HP: 19/19 MP: 1/1
   115 | D:1      | Reached XP level 2. HP: 21/27 MP: 2/2
   373 | D:1      | You fall through a shaft!
   459 | D:1      | Reached skill level 4 in Fighting
   906 | D:2      | Reached XP level 3. HP: 33/33 MP: 3/3
  1199 | D:2      | Found an ornate altar of the Wu Jian Council.
  1291 | D:2      | Reached XP level 4. HP: 39/41 MP: 4/4
  1559 | D:2      | Reached XP level 5. HP: 43/47 MP: 5/5
  1721 | D:3      | Reached skill level 5 in Fighting
  1741 | D:3      | Found a radiant altar of Vehumet.
  1895 | D:3      | Reached skill level 5 in Axes
  2041 | D:3      | Noticed oberejnoburuli's ghost (amateur GrFi)
  2056 | D:3      | Killed oberejnoburuli's ghost
  2056 | D:3      | Reached XP level 6. HP: 49/56 MP: 6/6
  2197 | D:3      | Noticed Robin
  2220 | D:3      | Killed Robin
  2387 | D:4      | Found a staircase to the Ecumenical Temple.
  2458 | Temple   | Entered the Ecumenical Temple
  2507 | Temple   | Became a worshipper of Uskayaw the Reveler
  2570 | D:4      | Reached * piety under Uskayaw
  2612 | D:4      | Reached skill level 1 in Invocations
  2639 | D:4      | Got a jewelled hand axe
  2645 | D:4      | Identified the +11 hand axe "Apigol" {freeze, rElec rPois Dex+3} (You found it on level 4 of the Dungeon)
  2655 | D:4      | Reached XP level 7. HP: 62/62 MP: 7/7
  2671 | D:4      | Reached ** piety under Uskayaw
  2796 | D:4      | Found a shattered altar of Ashenzari.
  2796 | D:4      | Found a blossoming altar of Fedhas.
  2842 | D:4      | Reached skill level 6 in Fighting
  3021 | D:4      | Reached *** piety under Uskayaw
  3028 | D:4      | Reached **** piety under Uskayaw
  3351 | D:5      | Entered Level 5 of the Dungeon
  3372 | D:5      | Reached XP level 8. HP: 71/71 MP: 10/10
  3427 | D:5      | Found Anomefy's Weapon Emporium.
  3637 | D:5      | Reached skill level 5 in Armour
  3915 | D:6      | Found Parravut's Weapon Boutique.
  3969 | D:6      | Reached skill level 5 in Shields
  4046 | D:6      | Found a basalt altar of Yredelemnul.
  4460 | D:7      | Reached skill level 7 in Fighting
  4528 | D:7      | Found a sacrificial altar of Ru.
  4536 | D:7      | Reached skill level 5 in Invocations
  4541 | D:7      | Noticed a hippogriff
  4551 | D:7      | Killed a hippogriff
  4551 | D:7      | Reached XP level 9. HP: 73/79 MP: 12/12
  4657 | D:7      | Found an ornate altar of the Wu Jian Council.
  4877 | D:7      | Noticed TZer0's ghost (novice VSSk)
  4897 | D:7      | Killed TZer0's ghost
  5100 | D:8      | Reached skill level 8 in Fighting
  5159 | D:8      | Reached skill level 10 in Axes
  5268 | D:8      | Found a snail-covered altar of Cheibriados.
  5268 | D:8      | Noticed a two-headed ogre
  5276 | D:8      | Killed a two-headed ogre
  5276 | D:8      | Reached XP level 10. HP: 81/90 MP: 15/15
  5308 | D:8      | Reached skill level 9 in Fighting
  5378 | D:8      | Noticed Maurice
  5387 | D:8      | Killed Maurice
  5430 | D:8      | Found a glowing golden altar of the Shining One.
  5478 | D:8      | Found a glowing silver altar of Zin.
  5828 | D:8      | Found a roughly hewn altar of Beogh.
  5950 | D:9      | Reached skill level 1 in Evocations
  5974 | D:9      | Noticed Erolcha
  5988 | D:9      | Killed Erolcha
  6009 | D:9      | Noticed a molten gargoyle
  6010 | D:9      | Found a hazy altar of Hepliaklqana.
  6022 | D:9      | Reached skill level 10 in Fighting
  6034 | D:9      | Noticed a manticore
  6039 | D:9      | Noticed a molten gargoyle
  6044 | D:9      | Killed a manticore
  6045 | D:9      | Noticed a molten gargoyle
  6055 | D:9      | Killed a molten gargoyle
  6055 | D:9      | Reached ***** piety under Uskayaw
  6063 | D:9      | Noticed a fire crab
  6063 | D:9      | an ogre changed into a fire crab
  6065 | D:9      | Killed a molten gargoyle
  6065 | D:9      | Reached XP level 11. HP: 39/101 MP: 17/17
  6074 | D:9      | Killed a fire crab
  6079 | D:9      | Reached ****** piety under Uskayaw
  6517 | D:9      | Found a snail-covered altar of Cheibriados.
  6533 | D:9      | Found a shadowy altar of Dithmenos.
  6722 | D:9      | Found a staircase to the Orcish Mines.
  6742 | D:9      | Reached skill level 11 in Fighting
  6905 | D:10     | Entered Level 10 of the Dungeon
  6907 | D:10     | Noticed dricus's ghost (journeyman MfSk)
  7223 | D:10     | Found a staircase to the Lair.
  7300 | D:10     | Found an ancient bone altar of Kikubaaqudgha.
  7704 | D:11     | Noticed a skeletal warrior
  7704 | D:11     | Noticed a skeletal warrior
  7704 | D:11     | Noticed a skeletal warrior
  7704 | D:11     | Noticed a skeletal warrior
  7704 | D:11     | Noticed a skeletal warrior
  7998 | D:11     | Killed a skeletal warrior
  8004 | D:11     | Killed a skeletal warrior
  8012 | D:11     | Killed a skeletal warrior
  8144 | D:11     | Killed a skeletal warrior
  8144 | D:11     | Reached XP level 12. HP: 72/112 MP: 19/19
  8327 | D:11     | Reached skill level 12 in Fighting
  8468 | D:11     | Reached skill level 10 in Invocations
  8540 | D:11     | Got a bloodstained dagger
  8553 | D:11     | Identified the +5 dagger "Undertaker" {pierce, Fragile rElec rN+++ MR-} (You found it on level 11 of the Dungeon)
  9080 | D:12     | Found a stormy altar of Qazlal.
  9533 | Lair:1   | Entered Level 1 of the Lair of Beasts
 10467 | Lair:2   | Reached skill level 13 in Fighting
 10563 | Lair:2   | Got a polished flail
 10745 | Lair:2   | Found a staircase to the Swamp.
 10764 | Lair:2   | Reached XP level 13. HP: 117/122 MP: 21/21
 10766 | Lair:2   | Reached skill level 10 in Armour
 10938 | Lair:2   | Found a hole to the Spider Nest.
 11272 | Lair:3   | Noticed Harold
 11286 | Lair:3   | Killed Harold
 11806 | Lair:3   | Reached skill level 1 in Stealth
 11997 | Lair:3   | Reached skill level 10 in Shields
 12253 | Lair:4   | Reached skill level 14 in Fighting
 12256 | Lair:4   | Identified the +7 flail of Tender Mercy {venom, rN+} (You found it on level 2 of the Lair of Beasts)
 12466 | Lair:4   | Noticed Rupert
 12477 | Lair:4   | Paralysed by Rupert for 6 turns
 12495 | Lair:4   | Killed Rupert
 13095 | Lair:4   | Noticed Josephine
 13114 | Lair:4   | Killed Josephine
 13151 | Lair:5   | Got an ancient chain mail
 13152 | Lair:5   | Identified the +5 chain mail of Valour {Dex+7} (You found it on level 5 of the Lair of Beasts)
 13174 | Lair:5   | Found a staircase to the Slime Pits.
 13174 | Lair:5   | Found a viscous altar of Jiyva.
 13272 | Lair:5   | Reached XP level 14. HP: 96/133 MP: 23/23
 13768 | Lair:6   | Entered Level 6 of the Lair of Beasts
 14137 | Lair:6   | Reached skill level 5 in Stealth
 14204 | Lair:6   | Reached skill level 15 in Fighting
 14967 | Orc:1    | Entered Level 1 of the Orcish Mines
 14991 | Orc:1    | Noticed Nergalle
 15016 | Orc:1    | Killed Nergalle
 15059 | Orc:1    | Noticed Blork the orc
 15071 | Orc:1    | Killed Blork the orc
 15117 | Orc:1    | Found a burning altar of Makhleb.
 15189 | Orc:1    | Noticed a stone giant
 15208 | Orc:1    | Killed a stone giant
 15634 | Orc:1    | Reached XP level 15. HP: 90/141 MP: 21/25
 15635 | Orc:1    | Found a roughly hewn altar of Beogh.
 15925 | Orc:1    | Found Sakh's Assorted Antiques.
 15933 | Orc:1    | Bought a scroll of identify for 54 gold pieces
 15933 | Orc:1    | Bought a clouded platinum ring for 135 gold pieces
 15933 | Orc:1    | Identified the ring "Adasifie" {+Fly Str+4} (You bought it in a shop on level 1 of the Orcish Mines)
 15987 | Orc:2    | Entered Level 2 of the Orcish Mines
 16119 | Orc:2    | Found Ciwo's General Store.
 16119 | Orc:2    | Found Silen's Antique Armour Shoppe.
 16119 | Orc:2    | Found Doazipro's Jewellery Emporium.
 16127 | Orc:2    | Found Gideyram's General Store.
 16144 | Orc:2    | Bought the ring "Fohudwab" {rPois rF+} for 510 gold pieces
 16246 | Orc:2    | Found a staircase to the Elven Halls.
 16281 | Orc:2    | Found Lisesall's General Store.
 16306 | Orc:2    | Bought a scroll of teleportation for 39 gold pieces
 16306 | Orc:2    | Bought a +0 pair of gloves for 58 gold pieces
 17087 | D:13     | Found a frozen archway.
 17140 | IceCv    | Entered an ice cave
 17694 | D:13     | Found a sparkling altar of Nemelex Xobeh.
 17890 | D:13     | Reached skill level 16 in Fighting
 18815 | D:14     | Found a gate to the Vaults.
 18870 | D:14     | Noticed Kirke
 19143 | D:14     | Killed Kirke
 19233 | D:14     | Found a snail-covered altar of Cheibriados.
 19290 | D:15     | Entered Level 15 of the Dungeon
 19312 | D:15     | Reached XP level 16. HP: 127/152 MP: 26/26
 19931 | D:15     | Found a staircase to the Depths.
 20336 | Depths:1 | Entered Level 1 of the Depths
 20523 | Swamp:1  | Entered Level 1 of the Swamp
 20551 | Swamp:1  | Noticed a thorn hunter
 20586 | Swamp:1  | Killed a thorn hunter
 20586 | Swamp:1  | Reached skill level 17 in Fighting
 20715 | Swamp:1  | Noticed a thorn hunter
 20728 | Swamp:1  | Killed a thorn hunter
 20728 | Swamp:1  | Reached skill level 15 in Invocations
 21379 | Swamp:2  | Noticed a thorn hunter
 21392 | Swamp:2  | Killed a thorn hunter
 21508 | Swamp:2  | Noticed a thorn hunter
 21524 | Swamp:2  | Killed a thorn hunter
 22138 | Swamp:2  | Got a faintly humming scale mail
 22139 | Swamp:2  | Identified the +1 scale mail of a Billion Continents {rF+} (You found it on level 2 of the Swamp)
 22348 | Swamp:2  | Got a smoking chain mail
 22349 | Swamp:2  | Identified the cursed +1 chain mail of Infinity {rPois rF+ Slay+2} (You found it on level 2 of the Swamp)
 22773 | Swamp:3  | Reached XP level 17. HP: 148/162 MP: 28/28
 23204 | Swamp:4  | Entered Level 4 of the Swamp
 23278 | Swamp:4  | Reached skill level 15 in Shields
 24038 | Swamp:4  | Noticed the 27-headed Lernaean hydra
 24645 | Swamp:4  | Got a decaying rune of Zot
 24646 | Swamp:4  | Upgraded the game from 0.22-a0-398-g8bb545f033 to 0.22-a0-402-ga933591907
 24783 | Swamp:3  | Got an iridescent bardiche
 24890 | Spider:1 | Entered Level 1 of the Spider Nest
 24949 | Spider:1 | Reached skill level 18 in Fighting
 26592 | Spider:2 | Noticed Arachne
 26609 | Spider:2 | Killed Arachne
 26609 | Spider:2 | Reached XP level 18. HP: 150/173 MP: 30/30
 27731 | Spider:4 | Entered Level 4 of the Spider Nest
 27880 | Spider:4 | Reached skill level 10 in Stealth
 28554 | Spider:4 | Got a gossamer rune of Zot
 28622 | Spider:4 | Identified the +5 bardiche of Focus {drain, Str+2} (You found it on level 3 of the Swamp)
 28939 | D:10     | Killed dricus's ghost
 29024 | Vaults:1 | Entered Level 1 of the Vaults
 29036 | Vaults:1 | Reached skill level 19 in Fighting
 29253 | Vaults:1 | Reached XP level 19. HP: 152/182 MP: 31/31
 29421 | Vaults:1 | Reached skill level 15 in Axes
 29821 | Vaults:1 | Noticed Asterion
 30827 | Vaults:1 | Killed Asterion
 31382 | Vaults:2 | Found Vywobb's Antique Weapon Boutique.
 31395 | Vaults:2 | Bought a runed broad axe for 357 gold pieces
 31651 | Vaults:2 | Reached skill level 20 in Fighting
 31757 | Vaults:2 | Killed from afar by an ice dragon

Vault maps used:
D:1:      dpeg_arrival_arbitrary_b
D:2:      wad_river_or_something, lemuel_doored_altar, first_ration
D:3:      lemuel_crystal_altar, dk_noncrumbling_3, uniq_robin
D:4:      gammafunk_temple_overflow_statue, minmay_temple_entry_mist,
          grunt_decor_arrowhead
D:5:      serial_shops, nicolae_shop_window_shopping
D:6:      kennysheep_mini, serial_shops, nicolae_shop_stone
D:7:      hangedman_ru_absence, basic_altar
D:8:      lemuel_round_altar, marbit_many_paths, basic_altar, special_room,
          uniq_maurice
D:9:      nicolae_overflow_hidden_temple, grunt_dithmenos_smoke, erik_orc_1,
          basic_altar, hangedman_fish_farm, st_stairs_5, eino_tiny_chamber,
          minivault_8, uniq_erolcha
D:10:     lair_entry_dummy, lemuel_mausoleum_altar_kikubaaqudgha
D:12:     basic_altar
D:13:     portal_ice_cave_entry_imps, nemelex_diamond_rough_becter
D:14:     erik_vaults_1, lemuel_statue_altar, uniq_kirke
D:15:     hangedman_depths_entry_try_elsewhere_first, lightli_wizard_tower
Temple:   minmay_temple_bridge_abc
Lair:1:   minmay_lair_oklob_chamber
Lair:2:   minmay_swamp_entry_reptiles, nicolae_spider_entry_orb_guardian
Lair:3:   serial_bayou_shore_a, infiniplex_staircase_pool_2, uniq_harold
Lair:4:   minmay_stone_trees_small, beast_lair_carwin_11, grunt_megastairs_5,
          uniq_josephine, uniq_rupert
Lair:5:   slime_altar_1
Lair:6:   minmay_lair_end_frog_pond
Swamp:1:  evilmike_swamp_ruin_rubble_2
Swamp:2:  evilmike_swamp_ruin_rubble_1
Swamp:3:  infiniplex_staircase_pool
Swamp:4:  swamp_old_school
Spider:2: uniq_arachne
Spider:3: spider_trap
Spider:4: grunt_spider_rune_circles
Orc:1:    basic_altar, serial_shops, shop, special_room, hangedman_minor_magic,
          uniq_nergalle, uniq_snorg
Orc:2:    st_orc_mages, serial_shops, shop
Vaults:1: ontoclasm_vaults_decontamination, hangedman_vaults_trim,
          nicolae_vaults_network_star, v_alt_pattern_6, vaults_room_fancy_cross,
          v_alt_pattern_2, vaults_room_corners, st_hourglassy,
          nicolae_vaults_specimen_jars, v_alt_pattern_2, v_alt_pattern_1,
          uniq_asterion
Vaults:2: nicolae_vaults_arrows, blue_anna_dwarven_crypt, vaults_room_fours,
          nicolae_vaults_holding_cells, hangedman_vaults_slither,
          vaults_room_semicircle, nicolae_vaults_mini_display_case,
          nicolae_vaults_sealed_display, v_rooms_2,
          nicolae_vaults_little_squares_1, vaults_room_fancy_cross,
          vaults_room_pools, vaults_mumra_chevron, vaults_room_pool,
          vaults_room_mumra_shop_pool, ontoclasm_vaults_ring_small,
          serial_shops, shop
Depths:1: minmay_misc_feat_cross, hellmouth_1, hangedman_devilish_allure,
          serial_bayou_shore_b
IceCv:    ice_cave_statue_garden_chambered

Skill      XL: |  1  2  3  4  5  6  7  8  9 10 11 12 13 14 15 16 17 18 19 |
---------------+----------------------------------------------------------+-----
Axes           | 3 4 5 6 7 9 10 12 13 14 15 | 15.5
Fighting       | 4 5 6 7 8 10 11 13 14 15 16 17 18 19 20 | 20.1
Armour         | 4 5 6 7 8 9 10 11 12 13 | 13.6
Shields        | 4 5 6 7 8 9 10 12 13 14 15 16 17 | 17.6
Invocations    | 1 3 5 6 8 9 11 12 13 14 15 17 18 | 18.0
Evocations     | 1 2 3 4 |  4.8
Stealth        | 3 5 7 8 9 10 11 | 11.6
Throwing       | |  0.2
Unarmed Combat | |  0.3

Action                   |  1- 3 |  4- 6 |  7- 9 | 10-12 | 13-15 | 16-18 | 19-21 || total
-------------------------+-------+-------+-------+-------+-------+-------+-------++-------
Melee: Hand axe          |    79 |   173 |   223 |   664 |  1147 |  1414 |   483 ||  4183
       War axe           |     6 |       |       |       |       |       |       ||     6
       Flail             |       |       |       |       |    25 |    97 |       ||   122
       Unarmed           |       |       |       |       |     7 |       |       ||     7
Throw: Throwing net      |       |       |     2 |       |     1 |     6 |       ||     9
       Tomahawk          |       |       |       |       |       |     2 |       ||     2
Invok: Stomp             |       |     2 |     3 |    19 |    34 |    23 |     3 ||    84
       Line Pass         |       |       |       |     2 |     6 |     3 |     1 ||    12
       Grand Finale      |       |       |       |       |       |     6 |     2 ||     8
Evoke: Wand              |       |       |     4 |    23 |    27 |    23 |     3 ||    80
       Lightning rod     |       |       |       |       |       |     2 |       ||     2
       Lamp of fire      |       |       |       |       |       |     1 |       ||     1
  Use: Scroll            |       |       |     9 |     7 |    14 |    14 |     5 ||    49
       Potion            |       |       |       |     3 |    10 |     8 |    13 ||    34
 Stab: Paralysed         |       |       |     4 |    28 |   113 |   152 |    62 ||   359
       Confused          |       |       |       |     3 |     1 |     5 |       ||     9
       Distracted        |       |       |       |       |     1 |     1 |       ||     2
       Held in net/web   |       |       |       |       |       |     1 |       ||     1
  Eat: Chunk             |     1 |     5 |     9 |    14 |    24 |    19 |     2 ||    74
       Ration            |       |       |       |     3 |     3 |     7 |     2 ||    15
Armor: Scale mail        |    17 |       |       |       |       |       |       ||    17
       Plate armour      |    17 |    62 |    58 |   160 |    56 |       |       ||   353
       Chain mail        |       |       |       |       |   171 |   623 |    94 ||   888
Dodge: Dodged            |    21 |    19 |    24 |    68 |    73 |   213 |    24 ||   442
Block: Shield            |    24 |    62 |    69 |   233 |    48 |       |       ||   436
       Reflection        |       |       |       |    18 |    36 |    43 |    12 ||   109
       Large shield      |       |       |       |       |   718 |  1555 |   343 ||  2616

Table legend:
 A = Spawn XP
 B = Non-spawn XP
 C = Spawn XP percentage of total XP
 D = Spawn monster count
 E = Non-spawn monster count
 F = Spawn count percentage of total count
 G = Total turns spent on level
                    A         B        C        D         E        F      G
               +---------+---------+-------+---------+---------+-------+---------
         Total |       0 |  397175 |   0.0 |       0 |    1360 |   0.0 | 31757
               +---------+---------+-------+---------+---------+-------+---------
           D:1 |       0 |      20 |   0.0 |       0 |      13 |   0.0 |   742
           D:2 |       0 |     151 |   0.0 |       0 |      33 |   0.0 |   927
           D:3 |       0 |     217 |   0.0 |       0 |      30 |   0.0 |   699
           D:4 |       0 |     760 |   0.0 |       0 |      27 |   0.0 |   917
           D:5 |       0 |     335 |   0.0 |       0 |      16 |   0.0 |   476
           D:6 |       0 |     247 |   0.0 |       0 |      15 |   0.0 |   460
           D:7 |       0 |    1527 |   0.0 |       0 |      26 |   0.0 |   771
           D:8 |       0 |    2897 |   0.0 |       0 |      55 |   0.0 |   856
           D:9 |       0 |    6057 |   0.0 |       0 |      54 |   0.0 |  1106
          D:10 |       0 |    3304 |   0.0 |       0 |      27 |   0.0 |   999
          D:11 |       0 |    6582 |   0.0 |       0 |      40 |   0.0 |  1223
          D:12 |       0 |    4804 |   0.0 |       0 |      34 |   0.0 |   638
          D:13 |       0 |   10291 |   0.0 |       0 |      44 |   0.0 |   804
          D:14 |       0 |   19650 |   0.0 |       0 |      61 |   0.0 |   949
          D:15 |       0 |   16660 |   0.0 |       0 |      43 |   0.0 |  1078
        Lair:1 |       0 |    2711 |   0.0 |       0 |      12 |   0.0 |   729
        Lair:2 |       0 |    4540 |   0.0 |       0 |      22 |   0.0 |  1184
        Lair:3 |       0 |    7528 |   0.0 |       0 |      27 |   0.0 |  1027
        Lair:4 |       0 |   11379 |   0.0 |       0 |      29 |   0.0 |   910
        Lair:5 |       0 |    7197 |   0.0 |       0 |      30 |   0.0 |   644
        Lair:6 |       0 |   17502 |   0.0 |       0 |      62 |   0.0 |  1017
       Swamp:1 |       0 |   13647 |   0.0 |       0 |      35 |   0.0 |   797
       Swamp:2 |       0 |   16760 |   0.0 |       0 |      40 |   0.0 |  1277
       Swamp:3 |       0 |   10021 |   0.0 |       0 |      23 |   0.0 |   735
       Swamp:4 |       0 |   29217 |   0.0 |       0 |      70 |   0.0 |  1513
      Spider:1 |       0 |   19133 |   0.0 |       0 |      51 |   0.0 |  1425
      Spider:2 |       0 |   20144 |   0.0 |       0 |      54 |   0.0 |   698
      Spider:3 |       0 |   19735 |   0.0 |       0 |      41 |   0.0 |   778
      Spider:4 |       0 |   28424 |   0.0 |       0 |      59 |   0.0 |  1057
         Orc:1 |       0 |   10626 |   0.0 |       0 |      60 |   0.0 |  1058
         Orc:2 |       0 |    7859 |   0.0 |       0 |      58 |   0.0 |   937
      Vaults:1 |       0 |   67771 |   0.0 |       0 |     104 |   0.0 |  2270
      Vaults:2 |       0 |   26599 |   0.0 |       0 |      55 |   0.0 |   463
         IceCv |       0 |    2880 |   0.0 |       0 |      10 |   0.0 |   520
               +---------+---------+-------+---------+---------+-------+---------
